 Dungeon Crawl Stone Soup version 0.23-a0-550-g7de1f8e (webtiles) character file.

165 zishaf the Changer (level 5, -1/27 HPs)
             Began as a Vine Stalker Transmuter on Dec 10, 2018.
             Slain by Grinder (6 damage)
             ... while paralysed by Grinder
             ... on level 3 of the Dungeon.
             The game lasted 00:05:09 (2346 turns).

zishaf the Changer (Vine Stalker Transmuter)        Turns: 2346, Time: 00:05:09

Health: -1/27      AC:  4    Str: 12    XL:     5   Next: 46%
Magic:  0/9        EV:  2    Int: 14    God:
Gold:   102        SH:  0    Dex: 15    Spells: 0/8 levels left

rFire    + . .     SeeInvis .     - Unarmed
rCold    + . .     Gourm    .   (no shield)
rNeg     . . .     Faith    .   n - +1 leather armour {rC+}
rPois    .         Spirit   +   (no helmet)
rElec    .         Reflect  .   (no cloak)
rCorr    .         Harm     .   (no gloves)
MR       .....                  (no boots)
Stlth    +.........             (no amulet)
HPRegen  0.49/turn              o - ring of protection from fire
MPRegen  0.11/turn              (no ring)

@: paralysed
A: fangs 2, regeneration 1, magic shield, antimagic bite, no potion heal 3, rot
immunity
a: no special abilities


You were on level 3 of the Dungeon.
You were not hungry.

You visited 1 branch of the dungeon, and saw 3 of its levels.

You collected 102 gold pieces.

Inventory:

Hand Weapons
 a - a +0 hunting sling
Missiles
 c - 25 sling bullets
 g - 32 arrows
 h - 84 stones (quivered)
 p - 8 javelins
Armour
 b - a +0 robe
 k - a +0 chain mail
 n - a +1 leather armour of cold resistance (worn)
 r - a cursed +0 ring mail
Jewellery
 o - a ring of protection from fire (left hand)
Scrolls
 e - 2 scrolls of teleportation {unknown}
 f - 2 scrolls of magic mapping {unknown}
 l - 3 scrolls of identify {unknown}
Potions
 i - a potion of curing {unknown}
 m - a potion of flight {unknown}
 q - a potion of degeneration {unknown}
 s - a potion of resistance {unknown}
Comestibles
 d - 7 rations
 j - 6 chunks of flesh


   Skills:
 + Level 2.6 Fighting
 + Level 2.8 Dodging
 - Level 3.0 Unarmed Combat
 - Level 2.1 Spellcasting
 * Level 3.6 Transmutations


You couldn't memorise any spells.
You knew the following spells:

 Your Spells              Type           Power        Failure   Level  Hunger
a - Beastly Appendage     Tmut           ##....       7%          1    #......
b - Blade Hands           Tmut           ##........   88%         5    ######.
c - Sticks to Snakes      Tmut           ##......     10%         2    ###....

Your spell library contained the following spells:

 Spells                   Type           Power        Failure   Level  Hunger
 Spider Form              Tmut/Pois      #.........   38%         3    ###....
 Ice Form                 Ice/Tmut       #.......     80%         4    #####..


Dungeon Overview and Level Annotations

Branches:
Dungeon (3/15)

Altars:
The Shining One

Annotations:
D:3 Grinder


Innate Abilities, Weirdness & Mutations

You have extremely sharp teeth.
Your natural rate of healing is unusually fast.
When hurt, damage is shared between your health and your magic reserves.
Your bite disrupts and absorbs the magic of your enemies.
Potions cannot restore your health.
You are immune to rotting.


Message History

Grinder is severely wounded.
Grinder falters for a moment.
You hit Grinder.
Grinder is almost dead.
Grinder hits you.
* * * LOW HITPOINT WARNING * * *
You writhe in agony.
* * * LOW HITPOINT WARNING * * *
You hit Grinder but do no damage.
Grinder is almost dead.
Grinder says, "Just stop there for a second..."
Grinder gestures at you.
You suddenly lose the ability to move!
Grinder falters for a moment.
Grinder hits you.
* * * LOW HITPOINT WARNING * * *
You writhe in agony.
* * * LOW HITPOINT WARNING * * *
Grinder hits you!
You die...

##### ### ..... #####.#
..... #.!...###### .....
#?.........# ##. # #......#
#.# ###..#..
###.#......###.# #.##.#..
.........5.....#####.......
.#......#@.#..............
#......#.....รท...........
.........##.#..#####%##....
..#......##..........##.#..
. #..................##.#..
#.#######.#######..##.##.
#. .................. #
####......#.###.###
#............# #


You could see Grinder.

Vanquished Creatures
  An orc wizard (D:3)
  2 adders (D:2)
  4 gnolls (D:2)
  An adder zombie (D:1)
  A dart slug (D:1)
  3 leopard geckos
  3 orcs (D:3)
  4 bats
  4 giant cockroaches
  8 goblins
  10 hobgoblins
  7 jackals
  A quokka (D:2)
  A ball python (D:1)
  6 frilled lizards
  6 kobolds
  A leopard gecko zombie (D:1)
  8 rats
71 creatures vanquished.

Notes
Turn   | Place    | Note
-------+----------+-------------------------------------------
     0 | D:1      | zishaf the Vine Stalker Transmuter began the quest for the
                  | Orb.
     0 | D:1      | Reached XP level 1. HP: 9/9 MP: 4/4
    28 | D:1      | Reached skill level 1 in Fighting
    77 | D:1      | Reached XP level 2. HP: 11/14 MP: 6/6
   325 | D:1      | Reached XP level 3. HP: 14/18 MP: 5/7
  1199 | D:2      | Gained mutation: Your natural rate of healing is unusually
                  | fast. [Vine Stalker growth]
  1199 | D:2      | Reached XP level 4. HP: 15/23 MP: 5/8
  1578 | D:2      | Reached XP level 5. HP: 27/27 MP: 9/9
  1603 | D:2      | Learned a level 5 spell: Blade Hands
  1627 | D:2      | Found a glowing golden altar of the Shining One.
  2170 | D:3      | Learned a level 2 spell: Sticks to Snakes
  2318 | D:3      | Noticed Grinder
  2328 | D:3      | Paralysed by Grinder for 2 turns
  2343 | D:3      | Paralysed by Grinder for 7 turns
  2346 | D:3      | Slain by Grinder

Vault maps used:
D:1:      saegor_arrival_fortress
D:2:      lemuel_crystal_altar, serial_corexii_hall, corexii_hall_statues_s,
          corexii_hall_statues_s
D:3:      marbit_many_paths, first_ration, uniq_grinder, uniq_crazy_yiuf_cottage

Skill      XL: |  1  2  3  4 |
---------------+-------------+-----
Fighting       | 1 2 |  2.6
Dodging        | 2 |  2.8
Transmutations | 3 |  3.6
Unarmed Combat | |  3.0
Spellcasting   | |  2.1

Action                   |  1- 3 |  4- 6 || total
-------------------------+-------+-------++-------
Melee: Unarmed           |   115 |   103 ||   218
       Bite              |    28 |    23 ||    51
       Punch             |       |     1 ||     1
 Fire: Hunting sling     |     8 |    47 ||    55
 Stab: Sleeping          |     2 |     1 ||     3
  Eat: Chunk             |     1 |     4 ||     5
Armor: Robe              |    26 |     5 ||    31
       Leather armour    |       |     4 ||     4
Dodge: Dodged            |    73 |    55 ||   128

Table legend:
 A = Non-vault XP
 B = Vault XP
 C = Vault XP percentage of total XP
 D = Non-vault monster count
 E = Vault monster count
 F = Vault count percentage of total count
                 A         B        C        D         E       F
            +---------+---------+-------+---------+---------+-------
      Total |     229 |       7 |   3.0 |      69 |       2 |   2.8
            +---------+---------+-------+---------+---------+-------
        D:1 |      58 |       7 |  10.8 |      34 |       2 |   5.6
        D:2 |     112 |       0 |   0.0 |      22 |       0 |   0.0
        D:3 |      59 |       0 |   0.0 |      13 |       0 |   0.0
            +---------+---------+-------+---------+---------+-------
